 Dungeon Crawl Stone Soup version 0.26.0-10-g1f06aea511 (webtiles) character file.

Game seed: 15762757083661071444

10610 raph the Frost Mage (level 11, -1/85 HPs)
             Began as a White Draconian Ice Elementalist on Jan 24, 2021.
             Was an Elder of Sif Muna.
             Slain by an orc knight
             ... wielding a +0 halberd
              (16 damage)
             ... in a bailey.
             The game lasted 00:27:51 (11344 turns).

raph the Frost Mage (DrIE)                         Turns: 11344, Time: 00:27:52

Health: -1/85      AC: 22    Str: 11    XL:     11   Next: 38%
Magic:  19/29      EV: 14    Int: 19    God:    Sif Muna [****..]
Gold:   516        SH:  0    Dex:  9    Spells: 1/22 levels left

rFire    . . .     SeeInvis .   B - +7 flail "Tutoph" {freeze, +Blink rN+ Dex-2}
rCold    + . .     Faith    +   (no shield)
rNeg     + . .     Spirit   .   (armour unavailable)
rPois    .         Reflect  .   u - +2 hat
rElec    .         Harm     .   (no cloak)
rCorr    .         Rampage  .   (no gloves)
Will     .....                  (no boots)
Stlth    ++........             k - amulet of faith
HPRegen  0.24/turn              f - +4 ring of protection
MPRegen  0.21/turn              n - ring of magical power

@: icy armour, very slightly contaminated
A: breathe frost, unfitting armour, cold resistance 1, cold-blooded, AC +7
a: Breathe Frost, Renounce Religion, Evoke Blink, Channel Magic, Forget Spell,
Divine Exegesis


You were in a bailey.
You worshipped Sif Muna.
Sif Muna was greatly pleased with you.
You visited 1 branch of the dungeon, and saw 11 of its levels.
You also visited: Bailey.

You collected 516 gold pieces.

Inventory:

Hand Weapons
 h - a +1 short sword
 p - a +2 trident of protection
 t - a +2 spear of freezing
 B - the +7 flail "Tutoph" (weapon) {freeze, +Blink rN+ Dex-2}
   (You found it on level 6 of the Dungeon)

   It has been specially enchanted to freeze those struck by it, causing extra
   injury to most foes and up to half again as much damage against particularly
   susceptible opponents.
   It can also slow down cold-blooded creatures.
   It affects your dexterity (-2).
   It protects you from negative energy.
   It lets you blink.
Missiles
 c - 40 poisoned darts (quivered)
Armour
 u - a +2 hat (worn)
Magical Staves
 x - an uncursed staff of fire
 C - an uncursed staff of air
Jewellery
 f - a +4 ring of protection (left hand)
 k - an amulet of faith (around neck)
 n - a ring of magical power (right hand)
 v - an uncursed ring of fire
Wands
 w - a wand of digging (18)
 F - a wand of acid (7)
Scrolls
 e - 2 scrolls of blinking
 g - 3 scrolls of amnesia
 i - 4 scrolls of remove curse
 l - 2 scrolls of identify
 o - 4 scrolls of enchant weapon
 y - a scroll of fog
Potions
 a - 6 potions of curing
 b - a potion of invisibility
 d - 3 potions of heal wounds
 j - a potion of mutation
 m - a potion of lignification {unknown}
 q - 2 potions of degeneration
 r - 2 potions of berserk rage {unknown}
 s - 4 potions of might {unknown}
 z - a potion of resistance
 E - 3 potions of haste
Miscellaneous
 H - a lightning rod (2/4)


   Skills:
 + Level 4.5 Fighting
 + Level 6.2 Dodging
 - Level 4.7 Stealth
 + Level 6.4 Spellcasting
 - Level 5.3 Summonings
 * Level 11.9 Ice Magic
 * Level 9.7 Invocations
 - Level 2.9 Evocations


You had one spell level left.
You knew the following spells:

 Your Spells              Type           Power        Failure   Level
a - Freeze                Ice            100%         1%          1
b - Frozen Ramparts       Ice            100%         1%          3
c - Ozocubu's Armour      Ice            51%          1%          3
d - Summon Ice Beast      Ice/Summ       39%          3%          4
e - Hailstorm             Conj/Ice       28%          10%         4
f - Animate Skeleton      Necr           12%          11%         1
g - Metabolic Englaciati  Hex/Ice        14%          26%         5

Your spell library contained the following spells:

 Spells                   Type           Power        Failure   Level
 Confusing Touch          Hex            6%           32%         3
 Gell's Gravitas          Tloc           3%           32%         3
 Petrify                  Tmut/Erth      6%           71%         4
 Yara's Violent Unravell  Hex/Tmut       3%           96%         5


Dungeon Overview and Level Annotations

Branches:
Dungeon (11/15)            Temple (0/1) D:4          Bailey (1/1)
   Lair: D:8-11         Orc: D:9-12

Altars:
Sif Muna
Wu Jian
Yredelemnul
Zin


Innate Abilities, Weirdness & Mutations

You can breathe waves of freezing cold.
You can buffet flying creatures when you breathe cold.
Your icy white scales are hard. (AC +7)
You cannot fit into any form of body armour.
Your flesh is cold resistant. (rC+)
You are cold-blooded and may be slowed by cold attacks.


Message History

You hit the orc knight but do no damage.
The orc knight is moderately wounded.
The orc knight barely misses you.
Your orc hits the orc knight with a +0 dagger.
Your orc knight barely misses the orc knight.
Your orc wizard closely misses the orc knight.
Your warg misses the orc knight. The orc knight misses you.
You barely miss the orc knight.
The orc knight is moderately wounded.
Your orc wizard points at the orc knight and mumbles some strange words.
The orc knight easily resists.
The orc knight hits you with a +0 trident.
* * * LOW HITPOINT WARNING * * *
Your orc warrior barely misses the orc knight.
Your orc warrior hits the orc knight from afar with a +0 halberd!
Your orc hits the orc knight but does no damage.
Your warg closely misses the orc knight.
Your orc knight hits the orc knight from afar with a +3 glaive!!
The orc knight hits you from afar with a +0 halberd!
You die...

#.....#
##'''##
#))...#
#.....#
#.....#
#.....#
#.oh..#
##oo'##
##@oo..##


#ooooo..# #..o).o.# #....)..# #.......# #.).....# ##.....## ###)### #.).# You
could see 2 orc knights, a friendly orc knight (summoned), a friendly warg
(summoned), 3 friendly orc warriors, 2 friendly orc priests, a friendly orc
wizard (summoned, fast) and 3 friendly orcs.

Vanquished Creatures
  A two-headed ogre (D:7)
  An orc knight (Bailey)
  2 trolls (D:10)
  A shadow (D:11)
  A yak (D:7)
  A wyvern (D:11)
  Duvessa (D:5)
  12 orc warriors
  3 ice beasts
  3 ogres
  A phantom (D:5)
  3 centaurs
  3 bullfrogs
  Dowan (D:5)
  3 scorpions
  4 wights
  A bullfrog zombie (D:6)
  A centaur zombie (D:6)
  A quasit (D:7)
  3 centaur skeletons
  4 hounds
  4 orc priests
  2 bullfrog skeletons
  2 jellies (D:5)
  7 orc wizards
  3 iguanas
  2 worker ants
  A hound zombie (D:5)
  A howler monkey skeleton (D:4)
  7 gnolls (D:5)
  7 adders
  A shadow imp (D:7)
  2 ufetubi
  An ooze (D:2)
  An adder zombie (D:7)
  2 worms
  5 dart slugs
  10 leopard geckos
  41 orcs
  9 bats
  8 giant cockroaches
  3 goblins
  8 hobgoblins
  5 jackals
  4 kobolds
  4 quokkas
  A ball python (D:1)
  2 frilled lizards
  A leopard gecko skeleton (D:6)
  A quokka skeleton (D:4)
  11 rats
207 creatures vanquished.

Vanquished Creatures (collateral kills)
  A water moccasin zombie (D:6)
  A wight (D:9)
  A hound (D:7)
  An orc wizard (D:3)
  A white imp (D:10)
  An orc (Bailey)
  3 jackals (D:7)
9 creatures vanquished.

Vanquished Creatures (others)
  A howler monkey (D:10)
  A plant (D:4)
2 creatures vanquished.

Grand Total: 218 creatures vanquished

Notes
Turn   | Place    | Note
-------+----------+-------------------------------------------
     0 | D:1      | raph the Draconian Ice Elementalist began the quest for the
                  | Orb.
     0 | D:1      | Reached XP level 1. HP: 14/14 MP: 3/3
   419 | D:1      | Reached XP level 2. HP: 20/20 MP: 1/5
  1243 | D:2      | Reached XP level 3. HP: 26/26 MP: 1/6
  1247 | D:2      | Learned a level 3 spell: Frozen Ramparts
  2184 | D:2      | Learned a level 3 spell: Ozocubu's Armour
  2212 | D:2      | Reached XP level 4. HP: 33/33 MP: 5/7
  3442 | D:3      | Found a shimmering blue altar of Sif Muna.
  3446 | D:3      | Became a worshipper of Sif Muna the Loreminder
  3623 | D:3      | Found a glowing silver altar of Zin.
  3769 | D:4      | Found a basalt altar of Yredelemnul.
  4003 | D:4      | Reached XP level 5. HP: 38/38 MP: 9/9
  4310 | D:4      | Reached skill level 1 in Invocations
  4399 | D:4      | Found a staircase to the Ecumenical Temple.
  4528 | D:4      | Noticed an ogre
  4540 | D:4      | Killed an ogre
  4541 | D:4      | Reached skill level 5 in Ice Magic
  5136 | D:5      | Entered Level 5 of the Dungeon
  5136 | D:5      | Noticed a centaur
  5147 | D:4      | Reached XP level 6. HP: 16/45 MP: 10/10
  5442 | D:4      | Learned a level 4 spell: Summon Ice Beast
  5514 | D:5      | Your scales start taking on an icy white colour.
  5514 | D:5      | Reached skill level 6 in Ice Magic
  5514 | D:5      | Reached XP level 7. HP: 26/50 MP: 11/11
  5514 | D:5      | Gained mutation: Your flesh is cold resistant. (rC+) [White
                  | Draconian growth]
  5514 | D:5      | Reached * piety under Sif Muna
  5525 | D:5      | Reached skill level 7 in Ice Magic
  5553 | D:5      | Reached skill level 1 in Summonings
  6219 | D:5      | Found an ornate altar of the Wu Jian Council.
  6437 | D:5      | Noticed Duvessa
  6437 | D:5      | Noticed Dowan
  6564 | D:5      | Killed Duvessa
  6573 | D:5      | Killed Dowan
  6610 | D:5      | Reached XP level 8. HP: 50/57 MP: 8/13
  7113 | D:6      | Reached skill level 8 in Ice Magic
  7157 | D:6      | Reached ** piety under Sif Muna
  7292 | D:6      | Reached skill level 5 in Invocations
  8261 | D:6      | Got a faintly glowing flail
  8262 | D:6      | Identified the +7 flail "Tutoph" {freeze, +Blink rN+ Dex-2}
                  | (You found it on level 6 of the Dungeon)
  8455 | D:6      | Reached *** piety under Sif Muna
  8519 | D:7      | Noticed a two-headed ogre
  8526 | D:7      | Killed a two-headed ogre
  8527 | D:7      | Reached skill level 9 in Ice Magic
  8527 | D:7      | Reached XP level 9. HP: 42/62 MP: 14/15
  8766 | D:7      | Reached skill level 5 in Summonings
  8790 | D:7      | Learned a level 4 spell: Hailstorm
  9016 | D:3      | Identified Sif Muna's Guide on Sinister Arts
  9024 | D:3      | Learned a level 1 spell: Animate Skeleton
  9766 | D:8      | Reached skill level 5 in Spellcasting
  9836 | D:8      | You fall into a shaft and drop 2 floors!
  9836 | D:10     | Entered Level 10 of the Dungeon
  9837 | D:10     | Noticed a troll
  9849 | D:10     | Killed a troll
  9850 | D:10     | Reached skill level 1 in Fighting
  9850 | D:10     | Reached skill level 5 in Dodging
  9850 | D:10     | Reached skill level 10 in Ice Magic
  9935 | D:10     | Noticed a troll
  9964 | D:10     | Killed a troll
 10059 | D:9      | Found a flagged portal.
 10080 | D:9      | You fall into a shaft and drop 2 floors!
 10166 | D:11     | Reached **** piety under Sif Muna
 10167 | D:11     | Reached XP level 10. HP: 60/73 MP: 17/17
 10580 | Bailey   | Entered a bailey
 11002 | Bailey   | Reached skill level 11 in Ice Magic
 11002 | Bailey   | Reached XP level 11. HP: 84/84 MP: 20/20
 11009 | Bailey   | Learned a level 5 spell: Metabolic Englaciation
 11014 | Bailey   | Noticed an orc knight
 11046 | Bailey   | Killed an orc knight
 11322 | Bailey   | Noticed an orc knight
 11323 | Bailey   | Noticed an orc knight
 11344 | Bailey   | Slain by an orc knight

Illustrated notes

Levels and vault maps discovered:
D:1:      dpeg_arrival_shelter, layout_basic
D:2:      layout_basic
D:3:      layout_basic, zin_treasury, hangedman_decor_lopped, led_sif_book
D:4:      layout_cave_pods, yredelemnul_altar_generic,
          minmay_temple_entry_overgrown
D:5:      layout_basic, overflow_temple_1_default, uniq_duvessa
D:6:      layout_basic, portal_sewer_entry_f
D:7:      hangedman_cross_stitches, layout_rooms
D:8:      nzn_winding_woodlands_three_and_one
          [nzn_winding_woodlands_5x15_river_crossing,
          nzn_winding_woodlands_5x15_lazy_stream,
          nzn_winding_woodlands_5x15_default,
          nzn_winding_woodlands_center_triple_pond], layout_basic,
          nicolae_qazlal_eye_of_the_storm, uniq_maggie, uniq_erica, uniq_grum
D:9:      layout_roguey, gammafunk_temple_overflow_claw, ashenzari_altar_1,
          enter_bailey_2, kennysheep_generic_room_5
D:10:     layout_layer_cave, lair_entry_dummy, centaur_isle
D:11:     layout_long_grid
Bailey:   bailey_polearm_5, bailey

Skill      XL: |  1  2  3  4  5  6  7  8  9 10 |
---------------+-------------------------------+-----
Stealth        | 2 3 4 |  4.7
Dodging        | 2 3 4 5 6 |  6.2
Invocations    | 2 3 4 6 7 9 |  9.7
Ice Magic      | 5 6 7 9 10 11 | 11.9
Spellcasting   | 3 4 5 6 |  6.4
Summonings     | 2 4 5 |  5.3
Fighting       | 1 4 |  4.5
Evocations     | 2 |  2.9

Action                   |  1- 3 |  4- 6 |  7- 9 | 10-12 || total
-------------------------+-------+-------+-------+-------++-------
Melee: Unarmed           |     1 |       |       |       ||     1
       Short sword       |    66 |    67 |     1 |       ||   134
       Tailslap          |     1 |    12 |    21 |     3 ||    37
       Spear             |       |    42 |   105 |       ||   147
       Trident           |       |       |    22 |       ||    22
       Flail             |       |       |    54 |    39 ||    93
Throw: Dart              |       |     1 |     1 |       ||     2
 Cast: Freeze            |    43 |    32 |    18 |     3 ||    96
       Frozen Ramparts   |     3 |     7 |    36 |    10 ||    56
       Ozocubu's Armour  |       |     2 |    20 |     7 ||    29
       Summon Ice Beast  |       |       |    10 |     6 ||    16
       Hailstorm         |       |       |     8 |    13 ||    21
       Animate Skeleton  |       |       |       |     6 ||     6
       Metabolic Englaci |       |       |       |     2 ||     2
 Abil: Breathe Frost     |       |       |     6 |     3 ||     9
Evoke: Wand              |       |       |     1 |       ||     1
       Lightning rod     |       |       |       |     2 ||     2
  Use: Scroll            |       |    12 |     2 |     8 ||    22
       Potion            |       |       |     1 |     6 ||     7
 Stab: Sleeping          |     4 |     7 |     3 |       ||    14
Armor: Skin              |    40 |    50 |    98 |    33 ||   221
Dodge: Dodged            |    68 |    81 |   140 |    58 ||   347
